AoeStats
← potredAr

Black Forest

504016410Analyzed
1v1 RM · 1mo ago on Sep 3, 2026· 63m 7s· 2 players
Game mode
Random Map
Map size
Tiny (2 player)
Population
200
Speed
Normal
Resources
Standard
Victory
Conquest
Starting age
Dark Age
Ending age
Imperial Age
RankedLock teamsTeams togetherTeam positionsShared explorationLock speedFull tech treeHidden civsTurbo modeCheats
Victory
Defeat
🇫🇷 Japanese · France
862
+17
🇫🇷 Franks · France
880
-31
rotab
10:41 Feudal Age
10:49 Man-at-Arms
18:22 Arson
19:34 Forging
19:26 Scale Mail Armor
23:38 Castle Age
23:06 Double-Bit Axe
23:04 Horse Collar
26:24 Iron Casting
26:07 Chain Mail Armor
25:45 Fletching
27:14 Wheelbarrow
28:17 Squires
34:52 Murder Holes
35:19 Ballistics
35:46 Bodkin Arrow
37:41 Bow Saw
38:04 Padded Archer Armor
38:29 Yasama
38:03 Elite Skirmisher
41:44 Imperial Age
40:37 Heavy Plow
40:58 Thumb Ring
43:24 Bracer
43:42 Leather Archer Armor
43:55 Kataparuto
44:10 Conscription
46:37 Chemistry
50:13 Elite Samurai
53:55 Plate Mail Armor
54:25 Blast Furnace
53:57 Ring Archer Armor
potredAr
10:59 Feudal Age
20:31 Castle Age
18:37 Double-Bit Axe
21:55 Crossbowman
23:03 Fletching
23:15 Padded Archer Armor
24:30 Loom
24:36 Loom
26:47 Wheelbarrow
26:38 Bodkin Arrow
27:56 Stone Mining
29:23 Light Cavalry
30:15 Gold Mining
35:07 Leather Archer Armor
39:58 Bow Saw
41:39 Husbandry
43:47 Ballistics
44:40 Hand Cart
47:39 Forging
49:11 Scale Barding Armor
53:54 Chain Barding Armor
54:16 Iron Casting
Connection lost

Rejoining the realm…

Still unreachable

The connection could not be restored.

Session expired

The server has moved on; the page needs a fresh start.